 Dungeon Crawl Stone Soup version 0.27-a0-1139-g28e009f8a6 (webtiles) character file.

Game seed: 7986819628294837913

331 DarkShadow the Covered (level 6, -4/53 HPs)
             Began as a Minotaur Fighter on May 8, 2021.
             Succumbed to Edmund's poison
             ... on level 4 of the Dungeon.
             The game lasted 00:05:42 (3535 turns).

DarkShadow the Covered (Minotaur Fighter)           Turns: 3535, Time: 00:05:43

Health: -4/53      AC:  8    Str: 23    XL:     6   Next: 26%
Magic:  5/5        EV:  8    Int:  5    God:
Gold:   111        SH: 10    Dex:  9    Spells: 5/5 levels left

rFire    . . .     SeeInvis .   a - +0 long sword
rCold    . . .     Faith    .   c - +0 kite shield
rNeg     . . .     Spirit   .   b - +0 scale mail
rPois    .         Reflect  .   (helmet restricted)
rElec    .         Harm     .   l - +0 cloak
rCorr    .         Rampage  .   (no gloves)
Will     .....                  (no boots)
Stlth    ..........             (no amulet)
HPRegen  0.17/turn              (no ring)
MPRegen  0.09/turn              (no ring)

@: lethally poisoned (-4 -> -44)
A: horns 2, retaliatory headbutt
a: no special abilities


You were on level 4 of the Dungeon.
You visited 2 branches of the dungeon, and saw 5 of its levels.

You collected 111 gold pieces.

Inventory:

Hand Weapons
 a - a +0 long sword (weapon)
Armour
 b - a +0 scale mail (worn)
 c - a +0 kite shield (worn)
 l - a +0 cloak (worn)
Wands
 j - a wand of mindburst (16)
Scrolls
 e - a scroll of identify
Potions
 d - a potion of lignification {unknown}
 f - a potion of resistance {unknown}
 g - a potion of flight
 h - a potion of mutation {unknown}
 i - a potion of attraction {unknown}
 k - a potion of brilliance {unknown}


   Skills:
 + Level 4.6 Fighting
 + Level 4.5 Long Blades
 + Level 6.0 Armour
 + Level 5.0 Shields


You had 5 spell levels left.
You didn't know any spells.
Your spell library contained the following spells:

 Spells                   Type           Power      Damage    Failure   Level
 Animate Skeleton         Necr           0%         N/A       99%         1
 Apportation              Tloc           0%         N/A       99%         1
 Corona                   Hex            0%         N/A       99%         1
 Summon Small Mammal      Summ           0%         N/A       99%         1


Dungeon Overview and Level Annotations

Branches:
Dungeon (4/15)             Temple (1/1) D:4

Altars:
Ashenzari
Elyvilon
Fedhas
Hepliaklqana
Kikubaaqudgha
Nemelex Xobeh
Okawaru
Qazlal
Ru
Sif Muna
Vehumet
Wu Jian
Xom
Yredelemnul
Zin
The Shining One

Annotations:
D:4 Edmund


Innate Abilities, Weirdness & Mutations

You have a pair of horns on your head.
You reflexively headbutt those who attack you in melee.


Message History

You enter the shallow water.
Moving in this stuff is going to be slow.
Edmund the Younger comes into view.
He is wielding a +3 dire flail of venom.
Edmund shouts!
Edmund clears his throat.
Edmund hits you with a +3 dire flail of venom.
You are poisoned.
You closely miss Edmund.
You feel very sick. You block Edmund's attack.
You hit Edmund.
Edmund is lightly wounded.
You feel sick. Edmund hits you but does no damage.
You are more poisoned.
You block Edmund's attack.
You hit Edmund. You headbutt Edmund, but do no damage.
Edmund is lightly wounded.
You feel very sick.
Edmund hits you with a +3 dire flail of venom!
You are lethally poisoned!
You are too injured to fight recklessly!
You are too injured to fight recklessly!
You are too injured to fight recklessly!
You are too injured to fight recklessly!
You are too injured to fight recklessly!
You are too injured to fight recklessly!
You are too injured to fight recklessly!
You are too injured to fight recklessly!
You are too injured to fight recklessly!
You are too injured to fight recklessly!
Okay, then.
As you read the scroll labelled GOIFE DIQECW, it crumbles to dust.
You hear a loud clanging noise!
It was a scroll of noise.
* * * LOW HITPOINT WARNING * * *
You feel extremely sick.
Edmund hits you with a +3 dire flail of venom!
* * * LOW HITPOINT WARNING * * *
You are more poisoned.
You die...

................##
#.......
....#..###.##..##
#....#### ......#
#.....# #..###
#..#### ####..##
..## #..# #...#
... ..# ##..# #..
##...# #..## #....
......
#...##...... .....
#..@.@..# .....
#......$.## ####.
.....###...#
....## ##..# ....
...# ...# #....
..## #..# #....
##.. #..## #....
#..# ...# ##....
#..# #..## #.....


You could see Edmund.

Vanquished Creatures
  Eustachio (D:4)
  A water moccasin skeleton (D:4)
  Crazy Yiuf (D:3)
  A hound skeleton (D:4)
  Robin (D:2)
  3 adders (D:3)
  An ufetubus (D:4)
  A dart slug (D:3)
  6 endoplasms
  3 giant cockroaches
  15 goblins
  5 hobgoblins
  A quokka (D:3)
  4 ball pythons (D:3)
  5 bats
  4 kobolds
  3 rats
56 creatures vanquished.

Vanquished Creatures (others)
  3 fungi (D:3)
3 creatures vanquished.

Grand Total: 59 creatures vanquished

Notes
Turn   | Place    | Note
-------+----------+-------------------------------------------
     0 | D:1      | DarkShadow the Minotaur Fighter began the quest for the
                  | Orb.
     0 | D:1      | Reached XP level 1. HP: 19/19 MP: 0/0
   235 | D:1      | Found a faded altar of an unknown god.
   514 | D:1      | Reached XP level 2. HP: 27/27 MP: 1/1
   520 | D:1      | Reached skill level 4 in Armour
   764 | D:2      | Noticed Robin
   774 | D:2      | Killed Robin
   775 | D:2      | Reached XP level 3. HP: 8/33 MP: 2/2
  1520 | D:3      | Reached XP level 4. HP: 37/40 MP: 3/3
  1948 | D:3      | Found a runed translucent door.
  1949 | D:3      | Noticed Crazy Yiuf
  1958 | D:3      | Killed Crazy Yiuf
  2431 | D:4      | Reached skill level 5 in Armour
  2472 | D:4      | Noticed Eustachio
  2483 | D:4      | Killed Eustachio
  2484 | D:4      | Reached XP level 5. HP: 31/47 MP: 4/4
  2484 | D:4      | Reached XP level 6. HP: 35/53 MP: 5/5
  2981 | D:4      | Reached skill level 6 in Armour
  2981 | D:4      | Reached skill level 5 in Shields
  3190 | D:4      | Found a staircase to the Ecumenical Temple.
  3199 | Temple   | Entered the Ecumenical Temple
  3529 | D:4      | Noticed Edmund
  3535 | D:4      | Succumbed to Edmund's poison

Illustrated notes

Levels and vault maps discovered:
D:1:      saegor_arrival_simple_e, layout_basic, ebering_ecumenical_altar_mist
D:2:      layout_basic, serial_shops, shop, minmay_quadrilaterals, uniq_sigmund,
          uniq_robin, uniq_natasha
D:3:      layout_loops_corners, uniq_crazy_yiuf_cottage
D:4:      layout_layer_cave, temple_pool_b, st_stairs_14, uniq_eustachio,
          uniq_edmund
Temple:   eino_temple_scatter_basement

Skill      XL: |  1  2  3  4  5  6 |
---------------+-------------------+-----
Armour         | 4 5 6 |  6.0
Fighting       | 4 |  4.6
Shields        | 4 5 |  5.0
Long Blades    | 3 4 |  4.5

Action                   |  1- 3 |  4- 6 || total
-------------------------+-------+-------++-------
Melee: Long sword        |    73 |    60 ||   133
       Headbutt          |    10 |    12 ||    22
  Use: Scroll            |       |     4 ||     4
       Potion            |       |     1 ||     1
Armor: Scale mail        |    32 |    20 ||    52
Dodge: Dodged            |    24 |    17 ||    41
Block: Kite shield       |    40 |    25 ||    65
       Rpst.: Long sword |     6 |     6 ||    12

Table legend: (Time is in decaauts)
 A = Elapsed time spent in this place.
 B = Non-inter-level travel time spent in this place.
 C = Inter-level travel time spent in this place.
 D = Time resting spent in this place.
 E = Time spent auto-exploring this place.
 F = Levels seen in this place.
 G = Mean time per level.
                   A        B        C        D        E       F      G
               +--------+--------+--------+--------+--------+-----+--------+
         Total |   3600 |   3414 |    186 |    600 |   2361 |   5 |  720.0 |
       Dungeon |   3286 |   3234 |     52 |    600 |   2183 |   4 |  821.5 |
        Temple |    313 |    179 |    134 |      0 |    178 |   1 |  313.0 |
               +--------+--------+--------+--------+--------+-----+--------+

Top non-repeatable levels by time:
     D:3: 1405 daAuts
     D:4: 825 daAuts
     D:1: 688 daAuts
     D:2: 367 daAuts
  Temple: 313 daAuts
